 Dungeon Crawl Stone Soup version 0.29-a0-284-gf9362112df (webtiles) character file.

Game seed: 7699335603033890111

600 quinnr the Zephyrmancer (level 7, 0/38 HPs)
             Began as a Tengu Air Elementalist on Mar 20, 2022.
             Blown up by Pikel (22 damage)
             ... with a mindburst bolt
             ... on level 5 of the Dungeon.
             The game lasted 00:14:46 (6162 turns).

quinnr the Zephyrmancer (Tengu Air Elementalist)    Turns: 6162, Time: 00:14:47

Health: 0/38       AC:  3    Str:  9    XL:     7   Next: 41%
Magic:  10/14      EV: 15    Int: 17    God:
Gold:   269        SH:  0    Dex: 14    Spells: 7/14 levels left

rFire   + . .      SeeInvis .   p - staff of fire
rCold   . . .      Faith    .   (no shield)
rNeg    + . .      Spirit   .   a - +0 robe
rPois   .          Reflect  .   (helmet restricted)
rElec   .          Harm     .   k - +0 cloak
rCorr   .          Rampage  .   (no gloves)
Will    .....                   (boots unavailable)
Stlth   ++........              (no amulet)
HPRegen 0.12/turn               o - ring of positive energy
MPRegen 0.14/turn               (no ring)

@: flying quickly and evasively, very slightly contaminated, quick
A: beak, talons 3, nimble flight
a: no special abilities


You were on level 5 of the Dungeon.
You visited 1 branch of the dungeon, and saw 5 of its levels.
You also visited: Ossuary.

You collected 269 gold pieces.

Inventory:

Missiles
 q - 130 stones
Armour
 a - a +0 robe (worn)
 k - a +0 cloak (worn)
Magical Staves
 p - a staff of fire (weapon)
Jewellery
 o - a ring of positive energy (left hand)
Scrolls
 c - 3 scrolls of teleportation
 f - 2 scrolls of blinking {unknown}
 g - 2 scrolls of vulnerability {unknown}
 i - a scroll of enchant armour {unknown}
 j - 2 scrolls of fear
 n - a scroll of fog {unknown}
 v - a scroll of identify
 y - a scroll of summoning {unknown}
Potions
 b - 2 potions of magic
 d - 2 potions of attraction {unknown}
 e - a potion of might {unknown}
 h - 2 potions of haste
 l - a potion of degeneration
 m - a potion of berserk rage
 r - 2 potions of resistance {unknown}
 s - a potion of brilliance {unknown}
 t - 2 potions of mutation {unknown}
 u - a potion of flight {unknown}
 w - a potion of lignification {unknown}
 x - a potion of heal wounds {unknown}


   Skills:
 + Level 1.4 Fighting
 + Level 3.1 Dodging
 - Level 2.1 Stealth
 - Level 4.0 Spellcasting
 - Level 1.6 Conjurations
 - Level 8.0 Air Magic
 - Level 2.0 Poison Magic
 + Level 1.4 Evocations


You had 7 spell levels left.
You knew the following spells:

 Your Spells              Type           Power      Damage    Failure   Level
a - Shock                 Conj/Air       76%        1d7       2%          1
b - Poisonous Vapours     Pois/Air       40%        N/A       3%          2
c - Airstrike             Air            15%        N/A       6%          4

Your spell library contained the following spells:

 Spells                   Type           Power      Damage    Failure   Level
 Swiftness                Air            30%        N/A       1%          3
 Static Discharge         Conj/Air       19%        N/A       3%          2
 Corpse Rot               Necr/Air       34%        N/A       4%          2


Dungeon Overview and Level Annotations

Branches:
Dungeon (5/15)            Ossuary (visited)
 Temple: D:4-7

Altars:
Fedhas
Yredelemnul

Annotations:
D:2 1 runed translucent door, 1 exclusion, Crazy Yiuf
D:5 Pikel


Innate Abilities, Weirdness & Mutations

You have a beak for a mouth.
You have claws for feet.
Your magical nature lets you fly swiftly and evasively.


Message History

You kill the hobgoblin!
Key pressed, stopping explore.
There is an open door here.
There is a stone staircase leading up here.
You see here a +0 dagger.
Done exploring.
Done exploring.
(D) Dungeon
Where to? (Enter - D:4, ? - help)
There is a stone staircase leading down here.
You fly downwards.
There is a stone staircase leading up here.
Key pressed, stopping explore.
Key pressed, stopping explore.
y - a scroll labelled HOAWNEPUIJ Pikel and 3 lemures come into view.
Pikel is wielding a +2 whip of freezing and carrying a wand of mindburst (21).
Pikel shouts!
You hear a shout!
You start waiting.
Pikel is nearby!
Casting: Shock (safe; 2% risk of failure)
Confirm with . or Enter, or press ? or * to list all spells.
Aiming: Poisonous Vapours (safe; 3% risk of failure)
Press: ? - help, Dir - move target, f - Pikel
Aim: Pikel, wielding a +2 whip of freezing, wearing a +0 robe and carrying a wand of mindburst (21) Poisonous vapours surround Pikel!
Pikel is poisoned.
Pikel says, "Asmodeus and me are pals.
He gave me this whip."
Unknown command.
Pikel zaps a wand.
Your mind is blasted!
Casting: Poisonous Vapours (safe; 3% risk of failure)
Confirm with . or Enter, or press ? or * to list all spells.
Aiming: Poisonous Vapours (safe; 3% risk of failure)
Press: ? - help, Dir - move target, f/p - Pikel
Aim: Pikel, wielding a +2 whip of freezing, wearing a +0 robe and carrying a wand of mindburst (20) (lightly wounded, very poisoned)
You miscast Poisonous Vapours.
You are very lightly contaminated with residual magic.
Nothing appears to happen.
Pikel zaps a wand.
Your mind is blasted!
Ouch! That really hurt!
You die...

... .. .. #.. .$
#.# . #.# .####5
#####.# ###.....5
......##
#.....5K.
######...#####
#.#
.........@...#
#.#
#####...###K###.#
##.## #.....#
#.##########
#........
#.#########
#..<.......
###########


You could see Pikel (very poisoned).

Vanquished Creatures
  Sigmund (D:2)
  3 water moccasin zombies (Ossuary)
  A hound (D:4)
  Jessica (D:2)
  Terence (D:3)
  2 mummies (Ossuary)
  Robin (D:1)
  3 adders
  2 river rats (D:3)
  3 adder zombies (Ossuary)
  3 dart slugs
  2 orcs (D:3)
  6 bats
  6 endoplasms
  5 giant cockroaches
  14 hobgoblins
  7 kobolds
  5 quokkas
  5 ball pythons
  5 frilled lizards
  2 gnoll zombies (Ossuary)
  13 goblins
  4 hobgoblin zombies (Ossuary)
  4 kobold zombies (Ossuary)
  5 orc zombies (Ossuary)
  3 rats
107 creatures vanquished.

Notes
Turn   | Place    | Note
-------+----------+-------------------------------------------
     0 | D:1      | quinnr the Tengu Air Elementalist began the quest for the
                  | Orb.
     0 | D:1      | Reached XP level 1. HP: 10/10 MP: 4/4
   324 | D:1      | quinnr: !lg * won TeAE
   324 | D:1      | beem: 512. twelwe the Cloud Mage (L27 TeAE of Vehumet),
                  | escaped with the Orb and 3 runes on 2022-03-16 18:08:01,
                  | with 1464784 points after 107456 turns and 6:46:34.
   324 | D:1      | quinnr: !lg * won TeAE -log
   324 | D:1      | beem: 512. twelwe, XL27 TeAE, T:107456:
                  | http://crawl.akrasiac.org/rawdata/twelwe/morgue-twelwe-2022
                  | 0316-180801.txt
   330 | D:1      | Reached XP level 2. HP: 15/15 MP: 1/6
   843 | D:1      | Found a faded altar of an unknown god.
  1019 | D:2      | Reached skill level 5 in Air Magic
  1069 | D:2      | Reached XP level 3. HP: 19/19 MP: 3/7
  1129 | D:2      | Learned a level 2 spell: Poisonous Vapours
  1528 | D:2      | Reached skill level 1 in Poison Magic
  1602 | D:2      | Noticed Sigmund
  1613 | D:2      | Noticed Robin
  1686 | D:2      | Reached XP level 4. HP: 24/24 MP: 3/8
  1769 | D:2      | Found a runed translucent door.
  1770 | D:2      | Noticed Crazy Yiuf
  1889 | D:1      | Killed Robin
  2196 | D:3      | Found a blossoming altar of Fedhas.
  2206 | D:3      | Reached skill level 6 in Air Magic
  2381 | D:3      | Found a basalt altar of Yredelemnul.
  2562 | D:3      | Noticed Terence
  2736 | D:3      | Learned a level 4 spell: Airstrike
  2806 | D:3      | Killed Terence
  2807 | D:3      | Gained mutation: Your magical nature lets you fly swiftly
                  | and evasively. [Tengu growth]
  2807 | D:3      | Reached XP level 5. HP: 28/28 MP: 1/9
  2987 | D:3      | Reached skill level 7 in Air Magic
  3875 | D:4      | Found a sand-covered staircase.
  3896 | Ossuary  | Entered an ossuary
  4172 | Ossuary  | Reached skill level 8 in Air Magic
  4172 | Ossuary  | Reached XP level 6. HP: 20/32 MP: 1/10
  5220 | D:2      | Killed Sigmund
  5221 | D:2      | Reached skill level 1 in Fighting
  5221 | D:2      | Reached skill level 1 in Evocations
  5221 | D:2      | Reached XP level 7. HP: 19/38 MP: 6/14
  5434 | D:2      | Noticed Jessica
  5441 | D:2      | Killed Jessica
  6125 | D:5      | Entered Level 5 of the Dungeon
  6147 | D:5      | Noticed Pikel
  6162 | D:5      | Blown up by Pikel

Illustrated notes

Levels and vault maps discovered:
D:1:      dpeg_arrival_orchard, layout_basic, ebering_ecumenical_altar_abandoned
D:2:      layout_rooms, uniq_sigmund, uniq_jessica, uniq_crazy_yiuf_cottage,
          uniq_robin
D:3:      layout_loops_ring, old_standard_altar, fedhas_altar_1,
          gup_sewer_entry_bubbles, minmay_statues_item, roderic_serpentine_path,
          uniq_terence
D:4:      layout_rooms, nicolae_ossuary_entry_false_entrances,
          corexii_checkpoint_a, minmay_misc_feat_encased,
          corexii_item_surrounded_by_moat, feat_on_display
D:5:      layout_loops_ring, worldfamousw_hep_ancestral_shrine, serial_glass,
          glass_columns_b, glass_columns_a, patterned_corridor, uniq_eustachio,
          uniq_edmund, uniq_pikel

Skill      XL: |  1  2  3  4  5  6  7 |
---------------+----------------------+-----
Air Magic      | 5 6 8 |  8.0
Poison Magic   | 1 2 |  2.0
Spellcasting   | 4 |  4.0
Fighting       | 1 |  1.4
Evocations     | 1 |  1.4
Dodging        | 3 |  3.1
Stealth        | |  2.1
Conjurations   | |  1.6

Action                   |  1- 3 |  4- 6 |  7- 9 || total
-------------------------+-------+-------+-------++-------
Melee: Unarmed           |     3 |     2 |       ||     5
       Kick              |     1 |     7 |       ||     8
       Peck              |     1 |     5 |     1 ||     7
       Staff             |       |    21 |     1 ||    22
 Cast: Shock             |    78 |   146 |    23 ||   247
       Poisonous Vapours |       |    11 |     3 ||    14
       Airstrike         |       |     2 |       ||     2
  Use: Scroll            |       |     5 |       ||     5
Armor: Robe              |     1 |    24 |       ||    25
Dodge: Dodged            |     7 |    71 |     2 ||    80

Table legend: (Time is in decaauts)
 A = Elapsed time spent in this place.
 B = Non-inter-level travel time spent in this place.
 C = Inter-level travel time spent in this place.
 D = Time resting spent in this place.
 E = Time spent auto-exploring this place.
 F = Levels seen in this place.
 G = Mean time per level.
                   A        B        C        D        E       F      G
               +--------+--------+--------+--------+--------+-----+--------+
         Total |   6021 |   5848 |    173 |   1147 |   3700 |   6 | 1003.5 |
       Dungeon |   4936 |   4763 |    173 |    686 |   3292 |   5 |  987.2 |
       Ossuary |   1085 |   1085 |      0 |    461 |    407 |   1 | 1085.0 |
               +--------+--------+--------+--------+--------+-----+--------+

Top non-repeatable levels by time:
     D:3: 1655 daAuts
     D:2: 1323 daAuts
     D:1: 1287 daAuts
 Ossuary: 1085 daAuts
     D:4: 636 daAuts
     D:5: 33 daAuts
